 Dungeon Crawl Stone Soup version 0.20.1-1-g8b1a95d (webtiles) character file.

8053 SymbioosiTheGreat the Carver (level 11, -14/99 HPs)
             Began as a Minotaur Berserker on Nov 2, 2017.
             Was an Elder of Trog.
             Demolished by an ogre
             ... wielding a +0 giant club
              (19 damage)
             ... on level 9 of the Dungeon.
             The game lasted 00:25:26 (8263 turns).

SymbioosiTheGreat the Carver (Minotaur Berserker)   Turns: 8263, Time: 00:25:27

Health: -14/99     AC: 19    Str: 31    XL:     11   Next: 4%
Magic:  10/10      EV: 10    Int:  8    God:    Trog [****..]
Gold:   220        SH:  0    Dex:  4    Spells: 10/10 levels left

rFire    . . .     SeeInvis .   s - +1 long sword
rCold    . . .     Gourm    .   (no shield)
rNeg     . . .     Faith    .   o - +0 chain mail
rPois    .         Spirit   .   (helmet restricted)
rElec    +         Reflect  .   d - +0 cloak
rCorr    .         Harm     .   H - +1 pair of gloves {archery}
MR       +....                  p - +2 pair of boots
Stlth    ..........             (no amulet)
Regen    0.3/turn               E - ring "Ycyam" {rElec MR+ Str+2 Int+4 Dex-5}
MPRegen  0.2/turn               F - +3 ring of strength

@: berserk cooldown, slowed, very slow
A: retaliatory headbutt, horns 2
a: Berserk, Trog's Hand, Brothers in Arms, Burn Spellbooks, Renounce Religion


You were on level 9 of the Dungeon.
You worshipped Trog.
Trog was greatly pleased with you.
You were very hungry.

You visited 1 branch of the dungeon, and saw 9 of its levels.

You collected 374 gold pieces.
You spent 154 gold pieces at shops.

Inventory:

Hand Weapons
 s - a +1 long sword (weapon)
Armour
 d - a +0 cloak (worn)
 o - a +0 chain mail (worn)
 p - a +2 pair of boots (worn)
 H - a +1 pair of gloves of archery (worn)
 M - a +0 troll leather armour
Jewellery
 E - the ring "Ycyam" (left hand) {rElec MR+ Str+2 Int+4 Dex-5}
   (You found it on level 6 of the Dungeon)

   [ring of strength]

   It affects your strength (+2).
   It affects your intelligence (+4).
   It affects your dexterity (-5).
   It insulates you from electricity.
   It affects your resistance to hostile enchantments.
 F - a +3 ring of strength (right hand)
 L - an uncursed ring of resist corrosion
Wands
 y - a wand of flame (19/48)
 K - a wand of flame (36/48)
Scrolls
 a - a scroll of random uselessness {unknown}
 e - 12 scrolls of remove curse
 g - 3 scrolls of blinking {unknown}
 h - 8 scrolls of identify
 k - 2 scrolls of teleportation {unknown}
 n - 2 scrolls of magic mapping
 q - 2 scrolls of immolation {unknown}
 r - a scroll of enchant armour {unknown}
 u - a scroll of noise {unknown}
 v - a scroll of enchant weapon
 z - a scroll of fog {unknown}
 J - a scroll of fear {unknown}
Potions
 b - a potion of magic
 j - a potion of cancellation {unknown}
 l - 2 potions of lignification
 m - a potion of berserk rage
 t - 7 potions of curing
 w - a potion of might
 x - a potion of flight {unknown}
 A - 2 potions of brilliance {unknown}
 B - a potion of mutation {unknown}
 C - a potion of agility {unknown}
 D - 3 potions of heal wounds
 I - a potion of haste {unknown}
Comestibles
 c - 3 bread rations
 f - 16 fruits
 i - 5 meat rations
 G - 4 royal jellies
 N - 3 chunks of flesh


   Skills:
 + Level 9.7 Fighting
 + Level 13.1 Long Blades
 + Level 11.3 Armour
 + Level 5.2 Dodging
 + Level 2.2 Stealth


You had 10 spell levels left.
You didn't know any spells.

Dungeon Overview and Level Annotations

Branches:
Dungeon (9/15)             Temple (0/1) D:5            Lair (0/6) D:8
    Orc (0/2) D:9

Altars:
Trog
Zin
The Shining One

Shops:
D:8 !


Innate Abilities, Weirdness & Mutations

You reflexively headbutt those who attack you in melee.
You have a pair of horns on your head.


Message History

The ogre barely misses you. You furiously retaliate!
You headbutt the ogre.
You riposte.
You hit the ogre.
The ogre is moderately wounded.
Things that are here:
a spear; a ring mail; a buckler
Items here: ))) [ †† The ogre barely misses you.
The gnoll sergeant hits you but does no damage.
Things that are here:
a giant club; a halberd; an ogre corpse You're still recovering from your berserk rage.
The ogre barely misses you.
You riposte.
You slash the ogre!
The ogre is severely wounded.
The gnoll sergeant hits you but does no damage.
The ogre hits you with a giant club.
* * * LOW HITPOINT WARNING * * *
The gnoll sergeant closely misses you.
The gnoll sergeant hits you but does no damage.
The ogre hits you with a giant club!!
You die...

.............#.>..#
.............#(...#
.............#....#
+#############....#
..................#
..#######).........#
.....))))..........#
..###)###K.........########
#8...8#..g.TgO@..........
#..Kg.#....g.............
#..>..#..................
#.....#..................
#8...8#........##########
################


You could see a troll, a big kobold, an ogre and 3 gnoll sergeants.

Vanquished Creatures
  2 two-headed ogres (D:8)
  Pikel (D:5)
  A troll (D:8)
  The ghost of Frank the Slasher, an amateur OpFi (D:4)
  2 dream sheep (D:8)
  The ghost of Thaneod the Chopper, an amateur MiGl (D:3)
  2 yaks (D:8)
  A water moccasin (D:8)
  3 ice beasts
  2 orc warriors (D:9)
  A phantom (D:5)
  4 sky beasts
  A necrophage (D:5)
  3 wolves (D:8)
  6 ogres
  3 centaurs
  5 big kobolds
  Blork the orc (D:4)
  A gnoll sergeant (D:9)
  4 scorpions
  3 killer bees (D:8)
  A howler monkey (D:4)
  5 electric eels (D:8)
  3 crimson imps
  A bullfrog zombie (D:5)
  2 jellies
  5 orc priests
  8 hounds
  A bullfrog skeleton (D:6)
  Crazy Yiuf (D:2)
  5 orc wizards (D:4)
  Ijyb (D:4)
  An iguana (D:8)
  8 worker ants
  A hound zombie (D:6)
  A worker ant zombie (D:8)
  3 gnolls (D:9)
  12 adders
  A shadow imp (D:7)
  An ooze (D:6)
  An adder skeleton (D:8)
  A worm (D:3)
  3 dart slugs
  2 leopard geckos
  18 orcs
  2 ball pythons (D:3)
  5 giant cockroaches
  3 goblins
  7 hobgoblins
  8 jackals
  4 quokkas
  11 bats
  7 frilled lizards
  2 jackal skeletons
  2 kobolds
  A leopard gecko skeleton (D:4)
  5 rats
191 creatures vanquished.

Vanquished Creatures (collateral kills)
  A hydra (D:8)
  A troll (D:9)
  A big kobold (D:8)
3 creatures vanquished.

Vanquished Creatures (others)
  A wyvern (D:8)
1 creature vanquished.

Grand Total: 195 creatures vanquished

Notes
Turn   | Place    | Note
-------+----------+-------------------------------------------
     0 | D:1      | SymbioosiTheGreat the Minotaur Berserker began the quest for the Orb.
     0 | D:1      | Reached XP level 1. HP: 19/19 MP: 0/0
   229 | D:1      | Reached XP level 2. HP: 27/27 MP: 1/1
   574 | D:2      | Reached skill level 4 in Long Blades
   616 | D:2      | Reached XP level 3. HP: 33/33 MP: 2/2
   620 | D:2      | Reached ** piety under Trog
   838 | D:2      | Found a runed door.
   842 | D:2      | Noticed Crazy Yiuf
   961 | D:2      | Killed Crazy Yiuf
   961 | D:2      | Reached XP level 4. HP: 7/41 MP: 3/3
   964 | D:2      | HP: 2/41 [poisoned by Crazy Yiuf]
  1602 | D:3      | Reached skill level 5 in Long Blades
  1737 | D:3      | Noticed Thaneod's ghost (amateur MiGl)
  1754 | D:3      | Killed Thaneod's ghost
  1754 | D:3      | Reached skill level 5 in Fighting
  1754 | D:3      | Reached XP level 5. HP: 43/48 MP: 4/4
  1754 | D:3      | Reached XP level 6. HP: 50/56 MP: 5/5
  1953 | D:4      | Reached *** piety under Trog
  1953 | D:4      | Reached skill level 6 in Long Blades
  1981 | D:4      | Noticed Frank's ghost (amateur OpFi)
  2005 | D:4      | HP: 2/56 [Frank's ghost (7)]
  2007 | D:4      | Killed Frank's ghost
  2007 | D:4      | Reached XP level 7. HP: 2/61 MP: 6/6
  2327 | D:4      | Reached skill level 7 in Long Blades
  2375 | D:4      | Noticed Blork the orc
  2379 | D:4      | Killed Blork the orc
  2379 | D:4      | Reached skill level 5 in Armour
  2452 | D:4      | Noticed Ijyb
  2468 | D:4      | Killed Ijyb
  2661 | D:4      | Reached skill level 8 in Long Blades
  3045 | D:5      | Entered Level 5 of the Dungeon
  3064 | D:5      | Reached XP level 8. HP: 66/71 MP: 7/7
  3083 | D:5      | Found a staircase to the Ecumenical Temple.
  3089 | D:5      | Reached skill level 1 in Stealth
  3251 | D:5      | Noticed Pikel
  3264 | D:5      | Killed Pikel
  3264 | D:5      | Reached skill level 9 in Long Blades
  3429 | D:5      | Reached **** piety under Trog
  3485 | D:5      | Reached skill level 10 in Long Blades
  3748 | D:6      | Reached XP level 9. HP: 66/79 MP: 8/8
  4431 | D:6      | Got a bound platinum ring
  4440 | D:6      | Identified the ring "Ycyam" {rElec MR+ Str+2 Int+4 Dex-5} (You found it on level 6 of the Dungeon)
  5312 | D:7      | Found a bloodstained altar of Trog.
  5312 | D:7      | Found a glowing silver altar of Zin.
  5636 | D:8      | Found Pylid's Distillery.
  5646 | D:8      | Reached skill level 11 in Long Blades
  5652 | D:8      | Bought a potion of curing for 42 gold pieces
  5652 | D:8      | Bought a potion of curing for 42 gold pieces
  5652 | D:8      | Bought a potion of heal wounds for 70 gold pieces
  6180 | D:8      | Noticed a three-headed hydra
  6186 | D:8      | Killed a five-headed hydra
  6186 | D:8      | Reached XP level 10. HP: 81/90 MP: 9/9
  6411 | D:8      | Reached skill level 10 in Armour
  6830 | D:8      | Found a staircase to the Lair.
  6832 | D:8      | Reached skill level 12 in Long Blades
  7066 | D:8      | Noticed a two-headed ogre
  7082 | D:8      | Killed a two-headed ogre
  7082 | D:8      | Reached skill level 5 in Dodging
  7311 | D:8      | Reached ***** piety under Trog
  7550 | D:8      | Noticed a two-headed ogre
  7559 | D:8      | Killed a two-headed ogre
  7852 | D:8      | Found a glowing golden altar of the Shining One.
  8172 | D:9      | Received a gift from Trog
  8208 | D:9      | Found a staircase to the Orcish Mines.
  8218 | D:9      | Reached skill level 13 in Long Blades
  8230 | D:9      | Reached XP level 11. HP: 99/99 MP: 10/10
  8260 | D:9      | HP: 4/99 [ogre/giant club (5)]
  8263 | D:9      | Demolished by an ogre

Skill      XL: |  1  2  3  4  5  6  7  8  9 10 |
---------------+-------------------------------+-----
Fighting       | 4 5 6 7 8 9 |  9.7
Long Blades    | 4 5 6 8 10 11 13 | 13.1
Armour         | 3 4 6 7 9 11 | 11.3
Dodging        | 3 4 5 |  5.2
Stealth        | 1 2 |  2.2

Action                   |  1- 3 |  4- 6 |  7- 9 | 10-12 || total
-------------------------+-------+-------+-------+-------++-------
Melee: Falchion          |    72 |     2 |       |       ||    74
       Headbutt          |    10 |    20 |    43 |    42 ||   115
       Long sword        |       |    77 |   218 |   202 ||   497
Invok: Berserk           |     1 |       |     5 |     2 ||     8
       Brothers in Arms  |       |       |     1 |     1 ||     2
       Burn Spellbooks   |       |       |       |     2 ||     2
  Use: Potion            |       |     2 |     1 |     1 ||     4
       Scroll            |       |     1 |     4 |       ||     5
  Eat: Meat ration       |       |     1 |     1 |       ||     2
       Chunk             |       |       |     5 |     5 ||    10
       Royal jelly       |       |       |     2 |     1 ||     3
       Bread ration      |       |       |     1 |       ||     1
Armor: Animal skin       |    27 |       |       |       ||    27
       Chain mail        |    11 |    52 |   122 |   110 ||   295
Dodge: Dodged            |    53 |    43 |    93 |    97 ||   286
       Rpst.: Falchion   |    11 |       |       |       ||    11
       Long sword        |       |    18 |    23 |    22 ||    63
